 Dungeon Crawl Stone Soup version 0.25-a0-424-g80bd347ae0 (webtiles) character file.

Game seed: 12704294852625667299, levelgen mode: deterministic

2608 kae the Zephyrmancer (level 9, -6/79 HPs)
             Began as a Purple Draconian Air Elementalist on Jan 22, 2020.
             Mangled by a six-headed hydra (7 damage)
             ... on level 7 of the Dungeon.
             The game lasted 00:13:05 (9220 turns).

kae the Zephyrmancer (DrAE)                         Turns: 9220, Time: 00:13:05

Health: -6/79      AC:  9    Str: 15    XL:     9   Next: 34%
Magic:  7/18       EV: 12    Int: 22    God:
Gold:   270        SH:  0    Dex: 12    Spells: 5/20 levels left

rFire    . . .     SeeInvis .   w - +4 great sword (freeze)
rCold    . . .     Gourm    .   (shield currently unavailable)
rNeg     . . .     Faith    .   (armour unavailable)
rPois    +         Spirit   .   (helmet restricted)
rElec    .         Reflect  .   z - +1 cloak {rPois}
rCorr    .         Harm     .   (no gloves)
MR       +....                  (no boots)
Stlth    ++........             (no amulet)
HPRegen  0.23/turn              (no ring)
MPRegen  0.16/turn              m - +3 ring of intelligence

@: mighty, very slightly contaminated
A: breathe power, unfitting armour, cold-blooded, AC +7
a: Breathe Dispelling Energy


You were on level 7 of the Dungeon.
You were hungry.

You visited 2 branches of the dungeon, and saw 8 of its levels.
You also visited: Ossuary.

You collected 408 gold pieces.
You spent 138 gold pieces at shops.

Inventory:

Hand Weapons
 d - a +1 dagger of speed
 w - a +4 great sword of freezing (weapon)
Armour
 q - a +0 cloak
 z - a +1 cloak of poison resistance (worn)
Jewellery
 m - a +3 ring of intelligence (right hand)
 p - an uncursed ring of ice
 C - an uncursed ring of fire
Wands
 s - a wand of iceblast (7)
 A - a wand of random effects (17)
Scrolls
 a - 3 scrolls of enchant weapon
 c - a scroll of amnesia
 e - 4 scrolls of identify
 g - 2 scrolls of teleportation
 j - 3 scrolls of fog
 l - 2 scrolls of remove curse
 o - 2 scrolls of noise
 r - a scroll of fear
Potions
 f - 3 potions of curing
 h - a potion of mutation
 i - 5 potions of brilliance
 k - a potion of invisibility
 n - 3 potions of ambrosia
 v - a potion of haste
 x - 2 potions of heal wounds
Comestibles
 b - a ration


   Skills:
 + Level 7.5 Fighting
 - Level 1.7 Dodging
 - Level 1.7 Stealth
 - Level 6.3 Spellcasting
 - Level 5.2 Conjurations
 - Level 8.1 Air Magic


You had 5 spell levels left.
You knew the following spells:

 Your Spells              Type           Power        Failure   Level  Hunger
a - Shock                 Conj/Air       ####         1%          1    None
b - Static Discharge      Conj/Air       #####...     1%          3    #......
c - Swiftness             Chrm/Air       ###.....     2%          2    None
d - Airstrike             Air            #####.....   3%          4    ###....
e - Lightning Bolt        Conj/Air       #####.....   16%         5    #####..

Your spell library contained the following spells:

 Spells                   Type           Power        Failure   Level  Hunger


Dungeon Overview and Level Annotations

Branches:
Dungeon (7/15)             Temple (1/1) D:5         Ossuary (visited)

Altars:
Ashenzari
Cheibriados
Dithmenos
Fedhas
Gozag
Kikubaaqudgha
Makhleb
Nemelex Xobeh
Okawaru
Qazlal
Ru
Sif Muna
Trog
Uskayaw
Wu Jian
Xom
Yredelemnul
Zin
The Shining One

Shops:
D:4 *

Annotations:
D:3 1 transporter, Borgoz's ghost, amateur GrBe


Innate Abilities, Weirdness & Mutations

You can breathe bolts of dispelling energy.
Your rich purple scales are hard. (AC +7)
You cannot fit into any form of body armour.
You are cold-blooded and may be slowed by cold attacks.


Message History

The six-headed hydra bites you. x2
* * * LOW HITPOINT WARNING * * *
The six-headed hydra bites you.
* * * LOW HITPOINT WARNING * * *
The six-headed hydra bites you.
* * * LOW HITPOINT WARNING * * *
The six-headed hydra bites you!
* * * LOW HITPOINT WARNING * * *
The six-headed hydra closely misses you.
Casting: Airstrike (safe; 3% risk of failure)
Confirm with . or Enter, or press ? or * to list all spells.
Aiming: Airstrike (safe; 3% risk of failure)
Press: ? - help, Dir - move target cursor, f/p - six-headed hydra
Aim: a six-headed hydra (severely wounded)
The air twists around and strikes the six-headed hydra!
The six-headed hydra is almost dead.
The six-headed hydra bites you!
* * * LOW HITPOINT WARNING * * *
The six-headed hydra bites you!
You die...

.............##..>....#
##.#..#########.#.#.#.#
#.....## #..##.##.#
###.###... #..#####.#
#.# #... ##.# #.# #.#
#... #.#####.# #.# #..
#.......# ###
###'#######.####
#.....ysD@..#
...#...).oo#####
..o'..8..%.#
...#.......# #.......#
###+###.# #.# ###


You could see a six-headed hydra, a hornet, a scorpion, an orc wizard and an
orc.

Vanquished Creatures
  A troll (D:6)
  A hungry ghost (D:7)
  Menkaure (Ossuary)
  A sky beast (D:6)
  An ice beast (D:6)
  An ogre (D:4)
  2 centaurs (D:6)
  A big kobold (D:5)
  A bullfrog (D:6)
  A scorpion (D:3)
  10 wights
  A howler monkey (D:4)
  6 crimson imps
  3 hounds
  2 orc priests
  A jelly (D:5)
  A bullfrog skeleton (D:5)
  4 orc wizards
  3 worker ants
  2 iguanas
  A hound skeleton (D:4)
  3 mummies (Ossuary)
  A worker ant zombie (D:5)
  12 adders
  A howler monkey skeleton (D:4)
  5 shadow imps
  4 oozes
  An adder skeleton (D:7)
  3 worms
  A dart slug (D:1)
  6 leopard geckos
  25 orcs
  4 bats
  6 giant cockroaches
  4 gnoll zombies (Ossuary)
  5 goblins
  7 hobgoblins
  11 jackals
  5 frilled lizards
  5 gnoll skeletons (Ossuary)
  4 goblin skeletons (Ossuary)
  4 goblin zombies (Ossuary)
  4 hobgoblin skeletons (Ossuary)
  9 hobgoblin zombies (Ossuary)
  A jackal zombie (D:6)
  30 kobolds
  A kobold skeleton (Ossuary)
  2 kobold zombies (Ossuary)
  4 orc skeletons (Ossuary)
  An orc zombie (Ossuary)
  6 rats
  6 rat skeletons (Ossuary)
  5 rat zombies (Ossuary)
  A spectral orc (D:4)
  2 plants (D:5)
234 creatures vanquished.

Vanquished Creatures (collateral kills)
  Blork the orc (D:5)
  A plant (D:5)
2 creatures vanquished.

Vanquished Creatures (others)
  A gnoll skeleton (Ossuary)
1 creature vanquished.

Grand Total: 237 creatures vanquished

Notes
Turn   | Place    | Note
-------+----------+-------------------------------------------
     0 | D:1      | kae the Draconian Air Elementalist began the quest for the
                  | Orb.
     0 | D:1      | Reached XP level 1. HP: 14/14 MP: 3/3
   203 | D:1      | Reached XP level 2. HP: 20/20 MP: 3/5
   495 | D:1      | Reached XP level 3. HP: 22/26 MP: 3/6
   500 | D:1      | Learned a level 3 spell: Static Discharge
   504 | D:1      | Learned a level 2 spell: Swiftness
  1242 | D:2      | Reached skill level 4 in Air Magic
  1397 | D:2      | Reached XP level 4. HP: 28/33 MP: 1/7
  2076 | D:2      | Found an ornate altar of the Wu Jian Council.
  2509 | D:3      | Reached XP level 5. HP: 26/38 MP: 5/9
  2984 | D:3      | Noticed Borgoz's ghost (amateur GrBe)
  2998 | D:3      | You fall into a shaft and drop 1 floor!
  3081 | D:4      | Reached skill level 5 in Air Magic
  3228 | D:4      | Reached XP level 6. HP: 22/45 MP: 4/11
  3790 | D:4      | Reached skill level 6 in Air Magic
  3790 | D:4      | Your scales start taking on a rich purple colour.
  3790 | D:4      | Reached XP level 7. HP: 47/50 MP: 0/14
  3898 | D:4      | Found Ozadil's Assorted Antiques.
  3901 | D:4      | Bought a scroll labeled LUGAECK SYSYNT for 20 gold pieces
  3901 | D:4      | Bought a scroll labeled HYERACEPUSCH for 20 gold pieces
  3901 | D:4      | Bought a fuming sapphire potion for 18 gold pieces
  3901 | D:4      | Bought a scroll of identify for 40 gold pieces
  3901 | D:4      | Bought a scroll of identify for 40 gold pieces
  4234 | D:4      | Found a basalt altar of Yredelemnul.
  4338 | D:5      | Entered Level 5 of the Dungeon
  4458 | D:5      | Noticed Blork the orc
  4526 | D:5      | Reached skill level 5 in Spellcasting
  4728 | D:5      | Reached skill level 7 in Air Magic
  4755 | D:5      | Found a sand-covered staircase.
  4759 | Ossuary  | Entered an ossuary
  4956 | Ossuary  | Learned a level 4 spell: Airstrike
  5605 | Ossuary  | Noticed Menkaure
  5626 | Ossuary  | Killed Menkaure
  5626 | Ossuary  | Reached XP level 8. HP: 56/57 MP: 1/16
  6262 | D:5      | Reached skill level 5 in Conjurations
  6486 | D:5      | Found a staircase to the Ecumenical Temple.
  6505 | Temple   | Entered the Ecumenical Temple
  6597 | D:5      | Noticed a -1 hand axe
  6600 | D:5      | Noticed a +0 dagger
  6602 | D:5      | Found a hide-covered altar of Uskayaw.
  6633 | D:5      | Killed Blork the orc
  6633 | D:5      | Reached skill level 8 in Air Magic
  7096 | D:6      | Found a shadowy altar of Dithmenos.
  7198 | D:6      | Reached skill level 1 in Fighting
  7205 | D:6      | Learned a level 5 spell: Lightning Bolt
  7736 | D:6      | Noticed a troll
  7741 | D:6      | Killed a troll
  7741 | D:6      | Reached skill level 5 in Fighting
  7741 | D:6      | Reached XP level 9. HP: 75/75 MP: 0/18
  8196 | D:6      | Found a glowing golden altar of the Shining One.
  8479 | D:3      | Found a transporter.
  8502 | D:3      | Found a transporter.
  9204 | D:7      | Noticed a six-headed hydra
  9220 | D:7      | HP: 1/79 [six-headed hydra (7)]
  9220 | D:7      | Mangled by a six-headed hydra

Levels and vault maps discovered:
D:1:      erik_arrival_blinker_ship, layout_loops_corners,
          hangedman_abyss_or_decor_stabs
D:2:      layout_loops_cross, nicolae_overflow_crystal_walls,
          serial_bayou_lagoon_a, minmay_unequal
D:3:      layout_basic, gammafunk_ghost_arena
D:4:      layout_basic, yredelemnul_forgotten_temple_becter, serial_shops,
          nicolae_shop_behind_doors
D:5:      kennysheep_kobold_camp, layout_cave_pools, dancing_weapons_uskayaw,
          minmay_temple_entry_gardened_gates,
          lightli_ossuary_entry_decrepit_ruins, first_ration,
          minmay_misc_feat_alley, uniq_blork_the_orc
D:6:      layout_loops_ring, lemuel_coloured_pillars_altar,
          nicolae_overflow_hidden_temple
D:7:      layout_loops_ring, gammafunk_temple_overflow_statue,
          fiery_altar_vehumet, grunt_ogre_cave, minmay_three_doors
Temple:   jpeg_temple_clearing

Skill      XL: |  1  2  3  4  5  6  7  8  9 |
---------------+----------------------------+-----
Conjurations   | 2 3 4 5 |  5.2
Air Magic      | 4 5 6 7 8 |  8.1
Spellcasting   | 3 4 5 6 |  6.3
Fighting       | 5 7 |  7.5
Dodging        | |  1.7
Stealth        | |  1.7

Action                   |  1- 3 |  4- 6 |  7- 9 || total
-------------------------+-------+-------+-------++-------
Melee: Dagger            |    84 |   106 |   129 ||   319
       Tailslap          |     6 |    12 |    33 ||    51
       Unarmed           |     2 |       |       ||     2
       Great sword       |       |       |   106 ||   106
 Cast: Shock             |    53 |   110 |   258 ||   421
       Static Discharge  |       |     1 |    12 ||    13
       Airstrike         |       |       |    19 ||    19
       Lightning Bolt    |       |       |     3 ||     3
 Abil: Breathe Dispellin |       |       |     1 ||     1
  Use: Scroll            |       |     8 |    12 ||    20
       Potion            |       |     2 |     6 ||     8
 Stab: Sleeping          |     4 |     2 |     2 ||     8
  Eat: Ration            |     1 |       |     4 ||     5
       Chunk             |       |     6 |    12 ||    18
Armor: Skin              |    24 |    30 |   107 ||   161
Dodge: Dodged            |    73 |    77 |   185 ||   335
       Rpst.: Great sword |       |       |    32 ||    32

Table legend:
 A = Non-vault XP
 B = Vault XP
 C = Vault XP percentage of total XP
 D = Non-vault monster count
 E = Vault monster count
 F = Vault count percentage of total count
                 A         B        C        D         E       F
            +---------+---------+-------+---------+---------+-------
      Total |    3230 |     497 |  13.3 |     149 |      85 |  36.3
            +---------+---------+-------+---------+---------+-------
        D:1 |      70 |       0 |   0.0 |      22 |       0 |   0.0
        D:2 |      74 |      19 |  20.4 |      17 |       6 |  26.1
        D:3 |     107 |       5 |   4.5 |      17 |       2 |  10.5
        D:4 |     527 |       1 |   0.2 |      33 |       1 |   2.9
        D:5 |     774 |     193 |  20.0 |      27 |      22 |  44.9
        D:6 |    1323 |       0 |   0.0 |      25 |       0 |   0.0
        D:7 |     355 |       0 |   0.0 |       8 |       0 |   0.0
    Ossuary |       0 |     279 | 100.0 |       0 |      54 | 100.0
            +---------+---------+-------+---------+---------+-------
